 Dungeon Crawl Stone Soup version 0.31-a0-182-gc5ef74bbde (webtiles) character file.

Game seed: 12475082586924334717

7478 qw the Cleaver (level 11, -2/68 HPs)
             Began as a Gargoyle Fighter on June 21, 2023.
             Was a Priest of Okawaru.
             Slain by a tengu warrior
             ... wielding a +1 long sword
              (5 damage)
             ... on level 9 of the Dungeon.
             The game lasted 00:03:58 (8251 turns).

qw the Cleaver (Gargoyle Fighter)                   Turns: 8251, Time: 00:03:58

Health: -2/68      AC: 32    Str: 24    XL:     11   Next: 15%
Magic:  13/14      EV: 10    Int:  9    God:    Okawaru [***...]
Gold:   240        SH:  6    Dex: 12    Spells: 10/10 levels left

rFire   . . .        Y - +0 war axe
rCold   . . .        c - +0 buckler
rNeg    + + .        u - +0 plate armour
rPois   inf          l - +2 helmet
rElec   +            (no cloak)
rCorr   .            q - +2 pair of gloves {Dex+3}
SInv    +            i - +0 pair of boots
Will    .....        (no amulet) Stlth
                     j - ring of see invisible
HPRegen 0.31/turn    s - ring of positive energy
MPRegen 0.14/turn

%: no passive effects
@: heroic
A: sickness immunity, AC +8, negative energy resistance 1, electricity
resistance, torment resistance 1, petrification resistance
a: Renounce Religion, Heroism


You were on level 9 of the Dungeon.
You worshipped Okawaru.
Okawaru was most pleased with you.
You visited 1 branch of the dungeon, and saw 9 of its levels.

You collected 353 gold pieces.
You spent 113 gold pieces at shops.


Innate Abilities, Weirdness & Mutations

You are immune to sickness and miasma.
Your stone body is resilient. (AC +8)
You are immune to poison.
You resist negative energy. (rN+)
You are resistant to electric shocks. (rElec)
You are resistant to unholy torment.
You are immune to petrification.


   Skills:
 + Level 8.2(13.2) Fighting
 - Level 11.0(16.0) Axes
 - Level 1.0(6.0) Throwing
 - Level 8.2(13.2) Armour
 - Level 3.4(8.4) Dodging
 - Level 5.5(10.5) Shields
 - Level 4.1 Invocations


You had 10 spell levels left.
You didn't know any spells.
Your spell library was empty.

Inventory:

Hand Weapons
 a - the +8 hand axe of the Vulture {holy, rF+ Will+ rCorr}
   (You found it on level 3 of the Dungeon)

   rF:        It protects you from fire.
   rCorr:     It protects you from acid and corrosion.
   Will:      It increases your willpower.
 h - a +2 flail of draining
 r - a +1 heavy flail
 Y - a +0 war axe (weapon)
Missiles
 b - 3 boomerangs (quivered)
Armour
 c - a +0 buckler (worn)
 i - a +0 pair of boots (worn)
 l - a +2 helmet (worn)
 q - a +2 pair of gloves of dexterity (worn)
 u - a +0 plate armour (worn)
Jewellery
 j - a ring of see invisible (left hand)
 k - a ring of ice
 s - a ring of positive energy (right hand)
Scrolls
 n - a scroll of identify
Potions
 d - 2 potions of might
 f - 4 potions of curing
 g - a potion of haste
 m - a potion of attraction
 o - a potion of magic
 p - a potion of enlightenment
 t - a potion of ambrosia {unknown}
 v - a potion of lignification {unknown}

Dungeon Overview and Level Annotations

Branches:
Dungeon (9/15)             Temple (0/1) D:6
   Lair: D:8-11         Orc: D:9-12

Altars:
Hepliaklqana
Kikubaaqudgha
Okawaru
Yredelemnul
Lugonu

Shops:
D:2 (   D:3 *   D:7 :

Annotations:
D:3 1 runed translucent door, Crazy Yiuf
D:4 1 runed translucent door, qw's ghost, amateur NaHu
D:8 2 runed translucent doors, 2 transporters


Message History

The boulder beetle is moderately wounded.
You feel like a meek peon again. The boulder beetle barely misses you.
8241 ||| INVOKING Heroism.
You gain the combat prowess of a mighty hero.
You can no longer speed up your combat.
The boulder beetle bites you.
You slash the boulder beetle!
The boulder beetle is heavily wounded.
The boulder beetle bites you but does no damage.
You hit the boulder beetle but do no damage.
The boulder beetle is heavily wounded.
The boulder beetle misses you.
You slash the boulder beetle!
The boulder beetle is severely wounded.
You slash the boulder beetle!
The boulder beetle is severely wounded.
The boulder beetle leaps!
The cyclops throws a large rock.
The large rock hits you!!
You closely miss the tengu warrior.
The tengu warrior hits you but does no damage.
You block the tengu warrior's attack.
The tengu warrior claws you but does no damage.
You completely miss the tengu warrior. You slash the tengu warrior!
The tengu warrior is moderately wounded.
The tengu warrior barely misses you. x2; You block the tengu warrior's attack.
The tengu warrior blocks your attack.
The tengu warrior is moderately wounded.
The tengu warrior hits you but does no damage.
The tengu warrior pecks you but does no damage.
The tengu warrior misses you.
You hit the tengu warrior but do no damage.
The tengu warrior is moderately wounded.
The slime creature jiggles.
The boulder beetle leaps!
You hit the tengu warrior but do no damage.
The tengu warrior is moderately wounded.
The tengu warrior hits you with a +1 long sword.
You die...

.#####'#####
#########)######
.#.........#
).#.#.) #....##
.#.###[###.#
.#.#. #..#...##
.#.# #.# .#.#.
#[..#....##
.#.###.##
##..0## #..
##....##
.'........ ..YB.
+.. #....'[
.#.###.###


TCJ #. #.##..## (#.# #.# #Q# #. #.. ##.# .#.# #.# #@# #.. ..# .#.. ... #%# ...
..## .### #######'##### ### ### .. ............# ### #####.......# ##......#
##.....# #####.+ .# You could see a boulder beetle, a slime creature, a tengu
warrior, a cyclops, a yak and a troll.

Vanquished Creatures
  A two-headed ogre (D:8)
  An ugly thing (D:9)
  2 orc sorcerers (D:9)
  A manticore (D:9)
  A kobold demonologist (D:9)
  A troll (D:9)
  A hornet (D:7)
  Sigmund (D:2)
  A shadow (D:9)
  6 slime creatures (D:7)
  2 yaks (D:9)
  A wyvern (D:7)
  A steam dragon (D:8)
  Edmund (D:4)
  A water moccasin (D:8)
  2 ice beasts
  An orc warrior (D:8)
  A sky beast (D:7)
  A black bear (D:7)
  A centaur (D:7)
  3 kobold brigands
  A bullfrog (D:6)
  Blork the orc (D:6)
  A gnoll sergeant (D:8)
  2 scorpions
  A water moccasin zombie (D:3)
  8 wights (D:7)
  3 killer bees (D:8)
  2 howler monkeys
  5 hounds
  3 jellies
  2 orc priests (D:6)
  A gnoll bouda (D:3)
  4 iguanas (D:5)
  Terence (D:2)
  Jessica (D:2)
  Ijyb (D:3)
  7 orc wizards
  Robin (D:2)
  8 gnolls
  2 adders
  3 shadow imps
  An adder zombie (D:3)
  21 orcs
  8 ball pythons
  4 bats
  5 endoplasms
  10 giant cockroaches
  14 goblins
  8 hobgoblins
  4 jackals (D:2)
  5 quokkas
  5 frilled lizards
  10 kobolds
  A quokka zombie (D:3)
  4 rats (D:1)
189 creatures vanquished.

Notes
Turn   | Place    | Note
-------+----------+-------------------------------------------
     0 | D:1      | qw the Gargoyle Fighter began the quest for the Orb.
     0 | D:1      | Reached XP level 1. HP: 14/14 MP: 1/1
     0 | D:1      | 0 ||| qw: Version: 0.3-a-9-g12657ce
     0 | D:1      | 0 ||| qw: Game counter: 1567
     0 | D:1      | 0 ||| qw: Always use a shield: true
     0 | D:1      | 0 ||| qw: God list: Okawaru
     0 | D:1      | 0 ||| qw: Allow faded altars: false
     0 | D:1      | 0 ||| qw: Do Orc after D:15 true
     0 | D:1      | 0 ||| qw: Do second Lair branch before Depths: true
     0 | D:1      | 0 ||| qw: Lair rune preference: random
     0 | D:1      | 0 ||| qw: Plans: Normal, Zot:1-4, Slime:5, God:TSO, Crypt,
                  | Tomb, Abyss, Pan, Hells, Win
     0 | D:1      | 0 ||| PLANNING D:1-11
     2 | D:1      | Noticed a spriggan
     2 | D:1      | Noticed a minotaur
     4 | D:1      | Noticed a gargoyle
     4 | D:1      | Noticed a formicid
     6 | D:1      | Noticed a vine stalker
     6 | D:1      | Noticed a human
     8 | D:1      | Noticed a merfolk
    10 | D:1      | Noticed a vampire
    10 | D:1      | Noticed a felid
    12 | D:1      | Noticed a demigod
    12 | D:1      | Noticed a draconian
    14 | D:1      | Noticed a naga
    14 | D:1      | Noticed an octopode
    16 | D:1      | Noticed an ogre
    18 | D:1      | Noticed a tengu
    20 | D:1      | Noticed a troll
    20 | D:1      | Noticed an armataur
    22 | D:1      | Noticed a demonspawn
    22 | D:1      | Noticed an elf
    24 | D:1      | Noticed a meteoran
    24 | D:1      | Noticed a ghoul
    26 | D:1      | Noticed a draconian
    26 | D:1      | Noticed a ghoul
    51 | D:1      | Reached skill level 2 in Axes
    95 | D:1      | Reached XP level 2. HP: 19/19 MP: 2/2
   404 | D:1      | Reached skill level 3 in Axes
   728 | D:1      | 728 ||| UPGRADING to +0 pair of gloves.
   733 | D:1      | 733 ||| READING scroll labelled DIXIJI XAAJ.
   834 | D:1      | 834 ||| READING 3 scrolls labelled KEAMAU RUOT.
   835 | D:1      | 835 ||| READING 2 scrolls of enchant armour.
   835 | D:1      | 835 ||| ENCHANTING +0 pair of gloves.
   836 | D:1      | 836 ||| READING scroll of enchant armour.
   836 | D:1      | 836 ||| ENCHANTING +1 pair of gloves.
   837 | D:1      | 837 ||| READING scroll labelled XUITEB ADUDI.
   838 | D:1      | 838 ||| DRINKING 2 lumpy grey potions.
   891 | D:2      | Found Pobuod's Weapon Emporium.
   898 | D:2      | Reached XP level 3. HP: 23/23 MP: 3/3
   908 | D:2      | 908 ||| BUYING +0 whip (32 gold).
   908 | D:2      | Bought a +0 whip for 32 gold pieces
   908 | D:2      | 908 ||| DROPPING +0 club.
   930 | D:2      | Found a faded altar of an unknown god.
   955 | D:2      | 955 ||| Stepping ~*~*~tactically~*~*~ (stealth).
   959 | D:2      | 959 ||| Stepping ~*~*~tactically~*~*~ (stealth).
   978 | D:2      | Noticed Jessica
   991 | D:2      | 991 ||| Stepping ~*~*~tactically~*~*~ (hiding).
   999 | D:2      | Killed Jessica
  1036 | D:2      | 1036 ||| FLEEEEING.
  1037 | D:2      | 1037 ||| FLEEEEING.
  1038 | D:2      | 1038 ||| FLEEEEING.
  1039 | D:2      | 1039 ||| FLEEEEING.
  1040 | D:2      | 1040 ||| FLEEEEING.
  1041 | D:2      | 1041 ||| FLEEEEING.
  1042 | D:2      | 1042 ||| FLEEEEING.
  1043 | D:2      | 1043 ||| FLEEEEING.
  1044 | D:2      | 1044 ||| FLEEEEING.
  1045 | D:2      | 1045 ||| FLEEEEING.
  1046 | D:2      | 1046 ||| Stepping ~*~*~tactically~*~*~ (stealth).
  1048 | D:2      | Reached XP level 4. HP: 21/28 MP: 4/4
  1092 | D:2      | 1092 ||| DROPPING +0 whip.
  1153 | D:2      | Found an ancient bone altar of Kikubaaqudgha.
  1172 | D:2      | Noticed Sigmund
  1186 | D:2      | Killed Sigmund
  1187 | D:2      | Reached skill level 5 in Axes
  1187 | D:2      | Reached XP level 5. HP: 26/32 MP: 5/5
  1187 | D:2      | Reached XP level 6. HP: 30/37 MP: 6/6
  1326 | D:2      | 1326 ||| Stepping ~*~*~tactically~*~*~ (stealth).
  1328 | D:2      | Noticed Robin
  1348 | D:2      | Killed Robin
  1681 | D:2      | Noticed Terence
  1687 | D:2      | Killed Terence
  1701 | D:2      | 1701 ||| DROPPING +6 club.
  1702 | D:2      | 1702 ||| DROPPING +2 pair of gloves.
  1703 | D:2      | 1703 ||| UPGRADING to +0 helmet.
  1708 | D:2      | 1708 ||| UPGRADING to +2 pair of gloves of dexterity.
  1718 | D:2      | 1718 ||| DROPPING +2 pair of gloves.
  1719 | D:2      | 1719 ||| UPGRADING to +0 chain mail.
  1729 | D:2      | 1729 ||| DROPPING +0 scale mail.
  1730 | D:2      | 1730 ||| READING scroll labelled XARCHO DAVOZEGG.
  1731 | D:2      | 1731 ||| READING scroll labelled SOEFFICK ASOD.
  1732 | D:2      | 1732 ||| READING 2 scrolls labelled ANNAKE FANG.
  1733 | D:2      | 1733 ||| DROPPING scroll of amnesia.
  1874 | D:3      | Reached skill level 1 in Dodging
  1878 | D:3      | 1878 ||| Stepping ~*~*~tactically~*~*~ (hiding).
  1976 | D:3      | Identified the +8 hand axe of the Vulture {holy, rF+ Will+
                  | rCorr}
  2035 | D:3      | 2035 ||| Stepping ~*~*~tactically~*~*~ (stealth).
  2058 | D:3      | Found Lausaiwk's Assorted Antiques.
  2069 | D:3      | 2069 ||| SHOPLISTING cloak (121 gold, have 93).
  2069 | D:3      | 2069 ||| BUYING potion of curing (81 gold).
  2069 | D:3      | Bought a potion of curing for 81 gold pieces
  2069 | D:3      | 2069 ||| SHOPLISTING potion of resistance (270 gold, have
                  | 12).
  2069 | D:3      | 2069 ||| SHOPLISTING scroll labelled RAOCHI TOF CEMP (27
                  | gold, have 12).
  2069 | D:3      | 2069 ||| SHOPLISTING scroll of identify (54 gold, have 12).
  2069 | D:3      | 2069 ||| SHOPLISTING viscous orange potion (24 gold, have
                  | 12).
  2220 | D:3      | Found a runed translucent door.
  2221 | D:3      | Noticed Crazy Yiuf
  2358 | D:3      | Reached skill level 6 in Axes
  2358 | D:3      | Reached XP level 7. HP: 43/43 MP: 7/7
  2509 | D:3      | Noticed Ijyb
  2514 | D:3      | 2514 ||| DRINKING 3 potions of curing.
  2514 | D:3      | 2514 ||| (to cure confusion)
  2519 | D:3      | Killed Ijyb
  2573 | D:3      | Found a basalt altar of Yredelemnul.
  2764 | D:3      | 2764 ||| READING scroll labelled DUM GICKY SAIJ.
  2837 | D:3      | 2837 ||| READING scroll labelled FITOPHUESA.
  2838 | D:3      | 2838 ||| DRINKING 2 viscous orange potions.
  2838 | D:3      | Gained mutation: You have hidden genetic defects. [potion
                  | of mutation]
  2838 | D:3      | Gained mutation: You have a pair of small horns on your
                  | head. [potion of mutation]
  2839 | D:3      | 2839 ||| DROPPING +0 helmet.
  2840 | D:3      | 2840 ||| READING 3 scrolls of identify.
  2840 | D:3      | 2840 ||| IDENTIFYING sedimented white potion
  2841 | D:3      | 2841 ||| READING 2 scrolls of identify.
  2841 | D:3      | 2841 ||| IDENTIFYING gluggy blue potion
  2842 | D:3      | 2842 ||| DROPPING potion of degeneration.
  2957 | D:4      | Noticed qw's ghost (amateur NaHu)
  2958 | D:4      | Found a runed translucent door.
  2973 | D:4      | 2973 ||| Stepping ~*~*~tactically~*~*~ (hiding).
  3044 | D:4      | Noticed Edmund
  3045 | D:4      | 3045 ||| Stepping ~*~*~tactically~*~*~ (hiding).
  3061 | D:4      | Killed Edmund
  3062 | D:4      | Reached skill level 7 in Axes
  3062 | D:4      | Gained mutation: You occasionally shout uncontrollably at
                  | your foes. [hidden defects]
  3359 | D:4      | Found a hazy altar of Hepliaklqana.
  3749 | D:4      | 3749 ||| UPGRADING to +0 pair of boots.
  3754 | D:4      | 3754 ||| UPGRADING to ring of see invisible.
  3770 | D:5      | Entered Level 5 of the Dungeon
  3795 | D:5      | Found an iron altar of Okawaru.
  3796 | D:5      | 3796 ||| PLANNING OKAWARU WORSHIP
  3805 | D:5      | Reached skill level 1 in Throwing
  3817 | D:5      | Became a worshipper of Warmaster Okawaru
  3818 | D:5      | 3818 ||| PLANNING D:1-11
  3818 | D:5      | Gained mutation: You do not regenerate when monsters are
                  | visible. [hidden defects]
  3818 | D:5      | Lost mutation: You have hidden genetic defects. [hidden
                  | defects expressed]
  3825 | D:5      | 3825 ||| DRINKING potion of mutation.
  3825 | D:5      | Lost mutation: You have a pair of small horns on your head.
                  | [potion of mutation]
  3825 | D:5      | Lost mutation: You occasionally shout uncontrollably at
                  | your foes. [potion of mutation]
  3825 | D:5      | Lost mutation: You do not regenerate when monsters are
                  | visible. [potion of mutation]
  3825 | D:5      | Gained mutation: You occasionally shout uncontrollably at
                  | your foes. [potion of mutation]
  3825 | D:5      | Lost mutation: You occasionally shout uncontrollably at
                  | your foes. [potion of mutation]
  3831 | D:5      | 3831 ||| Stepping ~*~*~tactically~*~*~ (stealth).
  3833 | D:5      | 3833 ||| Stepping ~*~*~tactically~*~*~ (stealth).
  3840 | D:5      | Reached XP level 8. HP: 35/49 MP: 8/8
  4332 | D:5      | 4332 ||| UPGRADING to +0 helmet.
  4337 | D:5      | 4337 ||| READING scroll labelled MEHUORY DIHUKH.
  4338 | D:5      | 4338 ||| DRINKING 2 puce potions.
  4358 | D:6      | 4358 ||| STAIRDANCE
  4409 | D:6      | Noticed Blork the orc
  4410 | D:6      | 4410 ||| Stepping ~*~*~tactically~*~*~ (hiding).
  4420 | D:6      | Killed Blork the orc
  4539 | D:6      | 4539 ||| READING scroll of enchant armour.
  4539 | D:6      | 4539 ||| ENCHANTING +0 helmet.
  4565 | D:6      | 4565 ||| Stepping ~*~*~tactically~*~*~ (hiding).
  4679 | D:6      | Reached skill level 8 in Axes
  4845 | D:6      | Reached * piety under Okawaru
  4846 | D:6      | 4846 ||| INVOKING Heroism.
  4852 | D:6      | Reached skill level 6 in Fighting
  4949 | D:6      | Found a staircase to the Ecumenical Temple.
  5024 | D:6      | 5024 ||| READING scroll of enchant armour.
  5024 | D:6      | 5024 ||| ENCHANTING +1 helmet.
  5388 | D:6      | 5388 ||| UPGRADING to +0 plate armour.
  5398 | D:6      | 5398 ||| DROPPING +0 chain mail.
  5399 | D:6      | 5399 ||| DROPPING orb of light.
  5400 | D:6      | 5400 ||| READING 2 scrolls labelled TYAMOO GEPLOOW.
  5401 | D:6      | 5401 ||| READING scroll labelled ZIMNIM KIAGES.
  5402 | D:6      | 5402 ||| READING scroll labelled TUPELIE VUSOMI.
  5403 | D:6      | 5403 ||| READING 4 scrolls of identify.
  5403 | D:6      | 5403 ||| IDENTIFYING red potion
  5404 | D:6      | 5404 ||| READING 3 scrolls of identify.
  5404 | D:6      | 5404 ||| IDENTIFYING bubbling cyan potion
  5405 | D:6      | 5405 ||| DROPPING potion of invisibility.
  5406 | D:6      | 5406 ||| DROPPING scroll of noise.
  5437 | D:7      | Noticed a wyvern
  5446 | D:7      | Killed a wyvern
  5490 | D:7      | 5490 ||| Stepping ~*~*~tactically~*~*~ (stealth).
  5494 | D:7      | 5494 ||| Stepping ~*~*~tactically~*~*~ (stealth).
  5495 | D:7      | 5495 ||| Stepping ~*~*~tactically~*~*~ (stealth).
  5581 | D:7      | 5581 ||| INVOKING Heroism.
  5583 | D:7      | 5583 ||| Stepping ~*~*~tactically~*~*~ (stealth).
  5591 | D:7      | Reached skill level 1 in Invocations
  5591 | D:7      | Reached XP level 9. HP: 55/55 MP: 7/9
  5602 | D:7      | 5602 ||| Stepping ~*~*~tactically~*~*~ (stealth).
  5641 | D:7      | 5641 ||| Stepping ~*~*~tactically~*~*~ (stealth).
  5643 | D:7      | 5643 ||| Stepping ~*~*~tactically~*~*~ (hiding).
  5646 | D:7      | 5646 ||| Stepping ~*~*~tactically~*~*~ (hiding).
  5648 | D:7      | 5648 ||| Stepping ~*~*~tactically~*~*~ (hiding).
  5868 | D:7      | Reached skill level 3 in Invocations
  5999 | D:7      | Noticed a hornet
  6012 | D:7      | Killed a hornet
  6012 | D:7      | Reached ** piety under Okawaru
  6036 | D:7      | Reached skill level 9 in Axes
  6039 | D:7      | Reached skill level 6 in Armour
  6215 | D:7      | 6215 ||| Stepping ~*~*~tactically~*~*~ (hiding).
  6290 | D:7      | 6290 ||| INVOKING Heroism.
  6374 | D:7      | 6374 ||| Stepping ~*~*~tactically~*~*~ (stealth).
  6382 | D:7      | 6382 ||| INVOKING Heroism.
  6390 | D:7      | Reached XP level 10. HP: 20/63 MP: 10/13
  6396 | D:7      | Reached *** piety under Okawaru
  6790 | D:7      | Found Anaraow's Tremendous Tomes.
  6850 | D:7      | 6850 ||| READING 2 scrolls of identify.
  6850 | D:7      | 6850 ||| IDENTIFYING coppery potion
  6865 | D:8      | Found a large runed translucent door.
  6866 | D:8      | Found a large runed translucent door.
  6877 | D:8      | Reached skill level 10 in Axes
  6891 | D:8      | 6891 ||| Stepping ~*~*~tactically~*~*~ (stealth).
  6892 | D:8      | 6892 ||| FLEEEEING.
  6904 | D:8      | 6904 ||| Stepping ~*~*~tactically~*~*~ (stealth).
  6914 | D:8      | 6914 ||| Stepping ~*~*~tactically~*~*~ (stealth).
  6915 | D:8      | 6915 ||| Stepping ~*~*~tactically~*~*~ (stealth).
  6920 | D:8      | 6920 ||| DRINKING 4 potions of curing.
  6920 | D:8      | 6920 ||| (to cure confusion)
  7009 | D:8      | 7009 ||| Stepping ~*~*~tactically~*~*~ (stealth).
  7013 | D:8      | 7013 ||| Stepping ~*~*~tactically~*~*~ (stealth).
  7014 | D:8      | 7014 ||| Stepping ~*~*~tactically~*~*~ (stealth).
  7015 | D:8      | 7015 ||| Stepping ~*~*~tactically~*~*~ (hiding).
  7016 | D:8      | 7016 ||| Stepping ~*~*~tactically~*~*~ (hiding).
  7019 | D:8      | 7019 ||| Stepping ~*~*~tactically~*~*~ (hiding).
  7020 | D:8      | 7020 ||| Stepping ~*~*~tactically~*~*~ (hiding).
  7033 | D:8      | 7033 ||| INVOKING Heroism.
  7205 | D:8      | Found a transporter.
  7263 | D:8      | 7263 ||| INVOKING Heroism.
  7364 | D:8      | Found a corrupted altar of Lugonu.
  7365 | D:8      | Noticed a cyan ugly thing
  7365 | D:8      | Noticed a purple ugly thing
  7380 | D:8      | Noticed a two-headed ogre
  7381 | D:8      | 7381 ||| INVOKING Heroism.
  7389 | D:8      | Killed a two-headed ogre
  7389 | D:8      | Received a gift from Okawaru
  7390 | D:8      | Reached skill level 3 in Dodging
  7439 | D:8      | 7439 ||| Stepping ~*~*~tactically~*~*~ (hiding).
  7441 | D:8      | 7441 ||| INVOKING Heroism.
  7473 | D:8      | 7473 ||| Stepping ~*~*~tactically~*~*~ (stealth).
  7477 | D:8      | 7477 ||| Stepping ~*~*~tactically~*~*~ (stealth).
  7479 | D:8      | 7479 ||| Stepping ~*~*~tactically~*~*~ (hiding).
  7480 | D:8      | 7480 ||| Stepping ~*~*~tactically~*~*~ (hiding).
  7482 | D:8      | 7482 ||| Stepping ~*~*~tactically~*~*~ (hiding).
  7483 | D:8      | 7483 ||| INVOKING Heroism.
  7613 | D:8      | Noticed a mana viper
  7614 | D:8      | a mana viper changed into a guardian serpent
  7614 | D:8      | Noticed a guardian serpent (shapeshifter)
  7647 | D:8      | Found a transporter.
  7702 | D:8      | 7702 ||| UPGRADING to ring of positive energy.
  7729 | D:9      | 7729 ||| INVOKING Heroism.
  7791 | D:9      | Noticed a white ugly thing
  7792 | D:9      | 7792 ||| INVOKING Heroism.
  7809 | D:9      | Killed a white ugly thing
  7919 | D:9      | Noticed an orc sorcerer
  7920 | D:9      | 7920 ||| Stepping ~*~*~tactically~*~*~ (hiding).
  7921 | D:9      | 7921 ||| Stepping ~*~*~tactically~*~*~ (hiding).
  7925 | D:9      | 7925 ||| INVOKING Heroism.
  7930 | D:9      | Killed an orc sorcerer
  7944 | D:9      | Noticed an orc sorcerer
  7945 | D:9      | 7945 ||| Stepping ~*~*~tactically~*~*~ (hiding).
  7946 | D:9      | 7946 ||| Stepping ~*~*~tactically~*~*~ (hiding).
  7949 | D:9      | 7949 ||| INVOKING Heroism.
  7952 | D:9      | Noticed a soul eater
  7954 | D:9      | Killed an orc sorcerer
  7954 | D:9      | Noticed a kobold demonologist
  7962 | D:9      | Killed a kobold demonologist
  7963 | D:9      | Reached skill level 11 in Axes
  7963 | D:9      | Reached XP level 11. HP: 68/68 MP: 12/14
  7983 | D:9      | an unseen horror changed into an entropy weaver
  7983 | D:9      | Noticed an entropy weaver (shapeshifter)
  7992 | D:9      | Reached **** piety under Okawaru
  7994 | D:9      | 7994 ||| INVOKING Heroism.
  8002 | D:9      | HP: 17/68 [entropy weaver (shapeshifter) (9)]
  8003 | D:9      | 8003 ||| READING scroll of teleportation.
  8196 | D:9      | Noticed a tengu warrior
  8196 | D:9      | Noticed a deep elf pyromancer
  8196 | D:9      | Noticed a centaur warrior
  8196 | D:9      | Noticed a manticore
  8197 | D:9      | 8197 ||| INVOKING Heroism.
  8199 | D:9      | Noticed a cyclops
  8201 | D:9      | Noticed a cyclops
  8213 | D:9      | 8213 ||| INVOKING Heroism.
  8220 | D:9      | Killed a manticore
  8220 | D:9      | Noticed a boulder beetle
  8241 | D:9      | 8241 ||| INVOKING Heroism.
  8245 | D:9      | HP: 2/68 [cyclops/large rock (18)]
  8251 | D:9      | Slain by a tengu warrior

Levels and vault maps discovered:
D:1:      kb_arrival_jail, layout_basic, minivault_4, serial_park_tiny_pond,
          dreamdust_princess_corridor
D:2:      minmay_roachtagon, layout_basic, dreamdust_ecumenical_altar_grove,
          serial_shops, shop, basic_altar, uniq_robin, uniq_jessica,
          uniq_sigmund, uniq_terence
D:3:      layout_basic, nicolae_yredelemnul_corpse_copse, serial_shops,
          nicolae_shop_overgrown_old_shop, uniq_ijyb, uniq_crazy_yiuf_cottage
D:4:      layout_loops_ring, mainiacjoe_overflow_alcove_4,
          hellmonk_ghost_happy_afterlife, uniq_edmund
D:5:      layout_basic, okawaru_ov_weapons_minmay, chequers_jeans
D:6:      layout_cave_pods, minmay_temple_entry_trees, minmay_manual_mail,
          uniq_blork_the_orc
D:7:      layout_basic, nicolae_shop_i_like_big_books
D:8:      gammafunk_corrupted_shrine, layout_cave_pools, jmf_multi_god_temple2
D:9:      minmay_the_grid_net [minmay_the_grid_paths, minmay_the_grid_tree,
          minmay_the_grid_tiny_cups, minmay_the_grid_minigrid_large,
          minmay_the_grid_tri_star, minmay_the_grid_prize_four_corners],
          layout_rooms, lemuel_crystal_altar, serial_shops, shop

Skill      XL: |  1  2  3  4  5  6  7  8  9 10 11 |
---------------+----------------------------------+-----
Axes           | 2 3 5 6 7 8 9 11 | 11.0
Fighting       | 4 5 6 7 8 |  8.2
Dodging        | 1 3 |  3.4
Throwing       | 1 |  1.0
Armour         | 5 6 7 8 |  8.2
Invocations    | 1 4 |  4.1
Shields        | 4 5 |  5.5

Action                     |  1- 3 |  4- 6 |  7- 9 | 10-12 || total
---------------------------+-------+-------+-------+-------++-------
  Melee: War axe           |    66 |   111 |   243 |   186 ||   606
         Headbutt          |       |       |     7 |       ||     7
  Throw: Boomerang         |    15 |    30 |    69 |    20 ||   134
 Invoke: Heroism           |       |       |     4 |    13 ||    17
    Use: Scroll            |     5 |     3 |    12 |     2 ||    22
         Potion            |     1 |       |     4 |     1 ||     6
 Armour: Scale mail        |    35 |    46 |       |       ||    81
         Chain mail        |       |    37 |    74 |       ||   111
         Plate armour      |       |       |    56 |   165 ||   221
  Dodge: Dodged            |    30 |    61 |    82 |    97 ||   270
  Block: Buckler           |     7 |    28 |    50 |    56 ||   141

Table legend:
 A = Non-vault XP
 B = Vault XP
 C = Vault XP percentage of total XP
 D = Non-vault monster count
 E = Vault monster count
 F = Vault count percentage of total count
                 A         B        C        D         E       F
            +---------+---------+-------+---------+---------+-------
      Total |    6462 |    4222 |  39.5 |     147 |      42 |  22.2
            +---------+---------+-------+---------+---------+-------
        D:1 |      33 |       0 |   0.0 |      22 |       0 |   0.0
        D:2 |      89 |     354 |  79.9 |      18 |      22 |  55.0
        D:3 |     200 |     122 |  37.9 |      18 |       4 |  18.2
        D:4 |     183 |     162 |  47.0 |      12 |       1 |   7.7
        D:5 |     304 |       0 |   0.0 |       9 |       0 |   0.0
        D:6 |     244 |     321 |  56.8 |       7 |       5 |  41.7
        D:7 |    2863 |       0 |   0.0 |      21 |       0 |   0.0
        D:8 |    2110 |       0 |   0.0 |      38 |       0 |   0.0
        D:9 |     436 |    3263 |  88.2 |       2 |      10 |  83.3
            +---------+---------+-------+---------+---------+-------
